Sif, neutral female human Valkyrie -- --- .--.--- ......| --- ......| ..| ......---..- .......... ......... ........ .......- .......| ......-- -.......---- ........... -----.......- ---..|.(......| |...@B%.<)...- -*...%.......| -.......---...- |.....---- -...| ---.--- .-- -- -- Sif the Fighter Experience level: 6 Strength: 18 Dexterity: 11 Constitution: 18 Intelligence: 8 Wisdom: 10 Charisma: 10 Health: 0(66) Energy: 19(19) Def: 9 Gold: 303 Moves: 2144 Dungeon seed: yUT2U_KvSyJ_WKAr Game ID: Sif_1452242341 Your Inventory: Coins $ - 303 gold pieces Weapons a - a +1 long sword (weapon in hand) b - a +0 dagger Armor r - an uncursed -1 pair of levitation boots y - an uncursed +0 elven mithril-coat (being worn) E - an uncursed +0 dwarvish roundshield (being worn) Y - an uncursed +0 dwarvish iron helm (being worn) Scrolls I - 2 uncursed scrolls of blank paper J - a blessed scroll of blank paper Spellbooks p - an uncursed spellbook of dig Wands C - a wand of magic missile (0:0) Tools d - an uncursed oil lamp (0:846) t - an uncursed oilskin sack G - 4 uncursed wax candles (0:400) Gems n - an uncursed worthless piece of red glass z - an uncursed worthless piece of blue glass N - an uncursed worthless piece of violet glass Contents of the oilskin sack: an uncursed scroll of charging an uncursed potion of blindness an uncursed potion of fruit juice an uncursed potion of hallucination an uncursed potion of see invisible Spells and supernatural/magical abilities: Name Level Category Fail Memory W - pray for help -- divine ? -- Your skills at the end: Fighting Skills Weapon Skills dagger [Basic] long sword [Basic] Spellcasting Skills Final Attributes: You were piously aligned. You were cold resistant. You were stealthy. You are dead. Vanquished creatures: 5 gnome lords 2 gnomish wizards a paper golem 2 giant ants 5 dwarves a rothe an iguana a gas spore 6 hobbits a hobgoblin a giant rat 13 gnomes a gecko 2 jackals a goblin 5 grid bugs 3 lichens 2 kobold zombies a newt 54 creatures vanquished. Voluntary challenges: You had followed a strict vegan diet until turn 1876. You had followed a strict vegetarian diet until turn 1876. You used a wielded weapon 71 times, starting on turn 24. You read items or engraved 4 times, starting on turn 966. You never genocided any monsters. You never polymorphed an object. You never changed form. You used no wishes. You never split a pudding. You never wrote Elbereth's name. You never violated your personal moral code. Dungeon overview: The Dungeons of Doom: levels 1 to 4 Level 1 a fountain a long staircase Level 2 a fountain Level 3 stairs to The Gnomish Mines Level 4 The Gnomish Mines: levels 4 to 7 Level 4 stairs to The Dungeons of Doom Level 5 Level 6 a temple to Odin, some fountains Level 7 <- You were here History has recorded: On T:1 you entered the Dungeons of Doom to retrieve the Amulet of Yendor! On T:457 you reached level 2 of The Dungeons of Doom. On T:890 you advanced to experience level 2. On T:1019 you reached level 3 of The Dungeons of Doom. On T:1020 you reached level 4 of The Dungeons of Doom. On T:1259 you advanced to experience level 3. On T:1429 you reached level 1 of The Gnomish Mines. On T:1475 you advanced to experience level 4. On T:1646 you reached level 2 of The Gnomish Mines. On T:1699 you advanced to experience level 5. On T:1817 you reached level 3 of The Gnomish Mines. On T:2062 you reached level 4 of The Gnomish Mines. On T:2088 you advanced to experience level 6. Score breakdown: Gold: 303 ( 8445 points) Experience: 6 levels (12456 points) Exploration: 7 levels ( 13.46%) (10289 points) Discoveries: 9 items ( 3.67%) ( 5749 points) Valuables value: (no points given unless you survive) Artifact value: 0 ( 0 points) Variety of kills: 19 monsters ( 4.99%) ( 6699 points) Turncount: 2144 turns ( -103 points) Survival: died (score multiplied by 80%) Total score: 34828 Latest messages: You feel threatened. The giant bat bites! (2x) The giant bat misses. The giant bat just misses! The giant bat misses. (2x) The giant bat just misses! The giant bat bites! (6x) The giant bat just misses! The giant bat bites! (6x) You die... Final status: Farvel Sif the Valkyrie, killed by a giant bat, while frozen by a spellbook... You died in The Gnomish Mines on dungeon level 7 with 34828 points, and 303 pieces of gold, after 2144 moves. You were level 6 with a maximum of 66 hit points when you died.